 Dungeon Crawl Stone Soup version 0.30.1-11-g7821555f0a (webtiles) character file.

Game seed: 1231977633033849537

3600 Peloso the Carver (level 9, -1/82 HPs)
             Began as a Minotaur Fighter on Jan 10, 2024.
             Slain by a tengu warrior
             ... wielding a +0 bardiche
              (6 damage)
             ... on level 8 of the Dungeon.
             The game lasted 00:15:47 (8718 turns).

Peloso the Carver (Minotaur Fighter)                Turns: 8718, Time: 00:15:47

Health: -1/82      AC: 16    Str: 22    XL:     9   Next: 85%
Magic:  8/8        EV:  7    Int:  5    God:
Gold:   428        SH:  5    Dex: 13    Spells: 8/8 levels left

rFire   + . .        a - +0 double sword
rCold   . . .        d - +0 buckler
rNeg    + . .        c - +1 plate armour
rPois   .            (helmet restricted)
rElec   .            (no cloak)
rCorr   .            (no gloves)
SInv    .            j - +0 pair of boots
Will    .....        (no amulet) Stlth
                     m - ring of positive energy
HPRegen 0.33/turn    f - ring of protection from fire
MPRegen 0.11/turn

%: no passive effects
@: mighty
A: horns 2, retaliatory headbutt
a: no special abilities


You were on level 8 of the Dungeon.
You visited 2 branches of the dungeon, and saw 9 of its levels.

You collected 428 gold pieces.

Inventory:

Hand Weapons
 a - a +0 double sword (weapon)
 b - a +2 long sword of freezing
Missiles
 p - a throwing net (quivered)
Armour
 c - a +1 plate armour (worn)
 d - a +0 buckler (worn)
 j - a +0 pair of boots (worn)
Jewellery
 f - a ring of protection from fire (right hand)
 h - a ring of wizardry
 k - a +5 ring of evasion
 m - a ring of positive energy (left hand)
 s - a ring of positive energy
 t - an amulet of faith
 v - the Hermit's Pendant {Faith Invo=14 Evo=0 MP+5}
   (You found it on level 6 of the Dungeon)

   [amulet of faith]

   Invo=14: It sets your Invocations skill to 14.
   Evo=0: It sets your Evocations skill to 0.
   It allows you to gain divine favour quickly.
   MP:        It affects your magic capacity (+5).
 w - a +6 ring of dexterity
 z - a ring of protection from cold
 B - a ring of protection from cold
Wands
 C - a wand of paralysis (3)
Scrolls
 l - 2 scrolls of identify
 o - a scroll of fog
 q - a scroll of magic mapping
 r - 2 scrolls of amnesia
 y - a scroll of enchant armour
Potions
 e - 3 potions of flight
 g - 2 potions of might
 i - 2 potions of magic
 n - a potion of mutation
 u - 2 potions of cancellation
 x - a potion of curing
 A - a potion of berserk rage


   Skills:
 + Level 8.4 Fighting
 + Level 11.2 Long Blades
 + Level 9.0 Armour
 + Level 2.7 Dodging
 + Level 0.8 Stealth
 + Level 6.5 Shields


You had 8 spell levels left.
You didn't know any spells.
Your spell library contained the following spells:

 Spells                   Type           Power      Damage    Failure   Level
 Beastly Appendage        Tmut           0%         N/A       100%        1
 Summon Small Mammal      Summ           0%         N/A       100%        1
 Blink                    Tloc           0%         N/A       100%        2
 Lesser Beckoning         Tloc           0%         N/A       100%        2
 Momentum Strike          Conj/Tloc      0%         3d8       100%        2
 Wereblood                Tmut           0%         N/A       100%        2
 Call Canine Familiar     Summ           0%         N/A       100%        3
 Ozocubu's Armour         Ice            0%         N/A       100%        3
 Spider Form              Tmut/Pois      0%         N/A       100%        3
 Summon Guardian Golem    Hex/Summ       0%         N/A       100%        3
 Metabolic Englaciation   Hex/Ice        0%         N/A       100%        5
 Simulacrum               Ice/Necr       0%         N/A       100%        6


Dungeon Overview and Level Annotations

Branches:
Dungeon (8/15)             Temple (1/1) D:5
   Lair: D:8-11

Altars:
Ashenzari
Cheibriados
Elyvilon
Fedhas
Gozag
Hepliaklqana
Makhleb
Nemelex Xobeh
Qazlal
Ru
Sif Muna
Trog
Vehumet
Wu Jian
Xom
Yredelemnul
Zin
The Shining One

Shops:
D:3 (   D:5 [

Annotations:
D:3 2 runed translucent doors, Herptile's ghost, weakling DrBe
D:8 2 runed translucent doors


Innate Abilities, Weirdness & Mutations

You have a pair of horns on your head.
You reflexively headbutt those who attack you in melee.


Message History

You feel as though you will be weak longer.
The gnoll bouda hits you but does no damage.
You closely miss the gnoll bouda.
The gnoll bouda is almost dead.
The gnoll bouda hits you but does no damage.
You closely miss the gnoll bouda.
The gnoll bouda is almost dead.
You slash the gnoll bouda!
You kill the gnoll bouda!
C - a wand of paralysis (3)
Things that are here:
a +0 club; a +0 leather armour Your attacks no longer feel as feeble.
A tengu warrior comes into view. It is wielding a +0 bardiche.
A tengu warrior is nearby!
Sorry, you're not good enough to have a special ability.
Sorry, you're not good enough to have a special ability.
The tengu warrior hits you with a +0 bardiche!!
The tengu warrior pecks you but does no damage.
The tengu warrior claws you but does no damage.
You feel very mighty all of a sudden.
The tengu warrior hits you with a +0 bardiche!!
You block the tengu warrior's attack.
The tengu warrior claws you but does no damage.
You barely miss the tengu warrior.
The tengu warrior hits you with a +0 bardiche!
The tengu warrior pecks you.
* * * LOW HITPOINT WARNING * * *
The tengu warrior completely misses you.
You closely miss the tengu warrior. Your headbutt misses the tengu warrior.
The tengu warrior hits you with a +0 bardiche!!
* * * LOW HITPOINT WARNING * * *
The tengu warrior pecks you but does no damage.
The tengu warrior claws you but does no damage.
You slice the tengu warrior!!
The tengu warrior is heavily wounded.
You hear a bellow!
The tengu warrior hits you but does no damage.
The tengu warrior pecks you.
You die...

...#....#....###†#.+......
.#...#.##....# ##..+y.....
...#...####### #...#8....
.#...#.# ##.#.## |?8
...#..## #.....# # .#....#
#...###'# ..#..##
#..##)†.# .#..## #..#.#.##
...## #..#@##.# ..<# #Q#
## ...# #.# .... ##. ##...
# .


You could see a tengu warrior.

Vanquished Creatures
  A shadow (D:6)
  A steam dragon (D:7)
  3 water moccasins
  An orc warrior (D:7)
  3 sky beasts
  3 ice beasts
  2 ogres
  3 centaurs
  4 bullfrogs
  3 scorpions
  9 wights
  A howler monkey (D:7)
  A jelly (D:5)
  2 hounds (D:7)
  4 orc priests
  4 gnoll boudas
  4 iguanas
  5 orc wizards
  Robin (D:3)
  20 gnolls
  5 adders
  2 shadow imps
  An ufetubus (D:5)
  3 dart slugs
  A worm (D:4)
  26 orcs
  6 ball pythons
  2 bats
  7 endoplasms
  3 giant cockroaches
  38 goblins
  34 hobgoblins
  3 quokkas
  2 frilled lizards
  8 kobolds
  5 rats
221 creatures vanquished.

Notes
Turn   | Place    | Note
-------+----------+-------------------------------------------
     0 | D:1      | Peloso the Minotaur Fighter began the quest for the Orb.
     0 | D:1      | Reached XP level 1. HP: 19/19 MP: 0/0
   296 | D:1      | Found a faded altar of an unknown god.
   324 | D:1      | Reached XP level 2. HP: 27/27 MP: 1/1
  1176 | D:2      | Found a shimmering altar of Xom.
  1260 | D:2      | Reached XP level 3. HP: 29/33 MP: 2/2
  1596 | D:2      | Reached skill level 3 in Long Blades
  2082 | D:2      | Gained mutation: You possess an exceptional clarity of
                  | mind. [potion of mutation]
  2082 | D:2      | Lost mutation: You possess an exceptional clarity of mind.
                  | [potion of mutation]
  2231 | D:3      | Found a runed translucent door.
  2231 | D:3      | Noticed a centaur
  2232 | D:3      | Noticed Herptile's ghost (weakling DrBe)
  2242 | D:3      | Killed a centaur
  2243 | D:3      | Reached XP level 4. HP: 18/41 MP: 3/3
  2373 | D:3      | Reached skill level 4 in Long Blades
  2413 | D:3      | Reached XP level 5. HP: 47/47 MP: 4/4
  2426 | D:3      | Found Biut's Antique Weapon Emporium.
  2543 | D:3      | Identified the +11 sling of Purpose {speed, rN++ Will-}
  2658 | D:3      | Found a blossoming altar of Fedhas.
  2733 | D:3      | Noticed Robin
  2740 | D:3      | Killed Robin
  2879 | D:3      | Reached skill level 5 in Armour
  2961 | D:3      | Found a runed translucent door.
  2997 | D:3      | Found a glowing silver altar of Zin.
  3419 | D:4      | Reached skill level 5 in Long Blades
  3419 | D:4      | Reached XP level 6. HP: 16/53 MP: 5/5
  3670 | D:4      | Found a sacrificial altar of Ru.
  4117 | D:4      | Reached skill level 5 in Fighting
  4323 | D:4      | Reached skill level 6 in Long Blades
  4349 | D:4      | Reached XP level 7. HP: 26/61 MP: 6/6
  4973 | D:5      | Entered Level 5 of the Dungeon
  5010 | D:5      | Identified the +6 dagger "Feettunukh" {heavy, rPois Int+2
                  | Dex-3}
  5032 | D:5      | Found Argus's Dragon-Slaying Spoils.
  5210 | D:5      | Found a staircase to the Ecumenical Temple.
  5230 | D:5      | Reached skill level 5 in Shields
  5233 | Temple   | Entered the Ecumenical Temple
  5367 | D:5      | Reached skill level 7 in Long Blades
  5907 | D:5      | Reached XP level 8. HP: 68/70 MP: 7/7
  6216 | D:5      | Reached skill level 8 in Long Blades
  6216 | D:5      | Reached skill level 1 in Dodging
  6499 | D:6      | Found a faded altar of an unknown god.
  6499 | D:6      | Found the Hermit's Pendant {Faith Invo=14 Evo=0 MP+5}
  7087 | D:6      | Found a snail-covered altar of Cheibriados.
  7238 | D:6      | Reached skill level 9 in Long Blades
  7374 | D:6      | Found a burning altar of Makhleb.
  7534 | D:7      | Reached XP level 9. HP: 55/79 MP: 8/8
  7795 | D:7      | Found a glowing golden altar of the Shining One.
  7808 | D:7      | Reached skill level 10 in Long Blades
  8114 | D:7      | Found a radiant altar of Vehumet.
  8124 | D:7      | Found a shimmering blue altar of Sif Muna.
  8603 | D:8      | Reached skill level 11 in Long Blades
  8679 | D:8      | Found a large runed translucent door.
  8679 | D:8      | Noticed a boulder beetle
  8680 | D:8      | Found a large runed translucent door.
  8712 | D:8      | Noticed a tengu warrior
  8717 | D:8      | HP: 4/82 [tengu warrior/+0 bardiche (20)]
  8718 | D:8      | Slain by a tengu warrior

Illustrated notes

Levels and vault maps discovered:
D:1:      ncdulo_watergridlock, layout_basic, ebering_ecumenical_altar_ruins,
          chequers_serial_rivers_micro_e, nicolae_figureground_pulse
D:2:      layout_basic, basic_altar, grunt_decor_clamped
D:3:      layout_loops_ring, fedhas_altar_3, zin_scriptorium, serial_shops,
          nicolae_shop_hallway_plus, ebering_ghost_sewer_f, uniq_robin
D:4:      minmay_goblin_kobold_castle, layout_basic, hangedman_ru_absence
D:5:      layout_loops_ring, temple_statues, nicolae_sextant,
          minmay_misc_feat_rugged, minmay_misc_feat_pillars,
          nicolae_shop_dragon_depot
D:6:      layout_gridville, lemuel_doored_altar, bloody_makhleb,
          hellmonk_guarded_unrand_hermit
D:7:      layout_loops_corners, mainiacjoe_overflow_catwalk_spiral,
          minmay_ruined_shrine
D:8:      layout_layer_cave, eat_drink_and_be_merry_uskayaw, hex_large,
          nicolae_kite_square_tiling_tiny, minmay_hollow_rounded_squares
Temple:   eino_wide_crystal_templ

Skill      XL: |  1  2  3  4  5  6  7  8  9 |
---------------+----------------------------+-----
Fighting       | 4 5 7 8 |  8.4
Shields        | 4 5 6 |  6.5
Armour         | 4 5 6 8 9 |  9.0
Long Blades    | 3 4 5 6 7 9 11 | 11.2
Dodging        | 1 2 |  2.7
Stealth        | |  0.8

Action                     |  1- 3 |  4- 6 |  7- 9 || total
---------------------------+-------+-------+-------++-------
  Melee: Long sword        |    81 |   194 |   227 ||   502
         Headbutt          |    14 |    31 |    76 ||   121
         Double sword      |       |       |   164 ||   164
    Use: Potion            |     3 |     1 |     3 ||     7
         Scroll            |     1 |     8 |     6 ||    15
 Armour: Scale mail        |     5 |       |       ||     5
         Plate armour      |    49 |   207 |   305 ||   561
  Dodge: Dodged            |    23 |   104 |   122 ||   249
  Block: Buckler           |    25 |    82 |   116 ||   223
